 Dungeon Crawl Stone Soup version 0.21-a0-630-g344d351 (webtiles) character file.

187 Megalobster the Grave Robber (level 5, -1/35 HPs)
             Began as a Vampire Necromancer on Dec 25, 2017.
             Was an Initiate of Yredelemnul.
             Slain by a gnoll
             ... wielding a +0 whip
              (2 damage)
             ... on level 4 of the Dungeon.
             The game lasted 00:14:29 (4326 turns).

Megalobster the Grave Robber (Vampire Necromancer)  Turns: 4326, Time: 00:14:31

Health: -1/35      AC:  2    Str:  8    XL:     5   Next: 39%
Magic:  9/9        EV: 13    Int: 17    God:    Yredelemnul [......]
Gold:   193        SH:  0    Dex: 15    Spells: 0/9 levels left

rFire    . . .     SeeInvis +   b - +1 short sword (speed)
rCold    + . .     Gourm    .   (no shield)
rNeg     + + .     Faith    .   g - +0 robe
rPois    +         Spirit   .   j - +0 hat
rElec    .         Reflect  .   (no cloak)
rCorr    .         Harm     .   (no gloves)
MR       .....                  (no boots)
Stlth    ++++......             (no amulet)
HPRegen  0.05/turn              (no ring)
MPRegen  0.11/turn              (no ring)

@: regenerating slowly
A: fangs 3, see invisible, unbreathing
a: Bat Form, Renounce Religion


You were on level 4 of the Dungeon.
You worshipped Yredelemnul.
Yredelemnul was noncommittal.
You were thirsty.

You visited 1 branch of the dungeon, and saw 4 of its levels.

You collected 193 gold pieces.

Inventory:

Hand Weapons
 a - a +0 dagger of pain
 b - a +1 short sword of speed (weapon)
Missiles
 e - 123 stones (quivered)
Armour
 g - a +0 robe (worn)
 j - a +0 hat (worn)
Wands
 m - a wand of enslavement (13)
Scrolls
 i - a scroll of fog {unknown}
 k - a scroll of enchant weapon {unknown}
 l - 3 scrolls of identify {unknown}
 n - a scroll of random uselessness {unknown}
 r - a scroll of remove curse {unknown}
Potions
 c - 10 potions of blood
 f - 2 potions of agility
 h - 4 potions of might {unknown}
 o - a potion of curing
 q - a potion of magic
Books
 d - a book of Necromancy

   Spells                             Type                      Level
   a - Pain                           Necromancy                   1
   b - Animate Skeleton               Necromancy                   1
   c - Vampiric Draining              Necromancy                   3
   d - Regeneration                   Charms/Necromancy            3
   e - Animate Dead                   Necromancy                   4
   f - Borgnjor's Vile Clutch         Necromancy/Earth             5


   Skills:
 + Level 2.2 Short Blades
 + Level 3.3 Dodging
 + Level 4.7 Stealth
 + Level 2.9 Spellcasting
 + Level 5.1 Necromancy


You couldn't memorise any spells.
You knew the following spells:

 Your Spells              Type           Power        Failure   Level  Hunger
a - Pain                  Necr           ###.         1%          1    None
b - Animate Skeleton      Necr           N/A          1%          1    None
c - Vampiric Draining     Necr           ###.......   6%          3    ###....
d - Animate Dead          Necr           N/A          21%         4    ####...


Dungeon Overview and Level Annotations

Branches:
Dungeon (4/15)
 Temple: D:4-7

Altars:
Okawaru
Yredelemnul

Annotations:
D:3 Lanoc's ghost, weakling MiMo


Innate Abilities, Weirdness & Mutations

You heal slowly.
You have razor-sharp teeth.
You have supernaturally acute eyesight. (SInv)
You can survive without breathing.


Message History

Your jackal zombie barely misses the gnoll.
The gnoll hits you from afar with a spear.
Found a scroll labeled DESOOP AROKKO.
The gnoll hits you with a whip.
The gnoll hits you from afar with a spear.
The gnoll misses you.
You hit the gnoll. You bite the gnoll.
You draw the gnoll's blood!
You feel better.
You feel slightly less thirsty.
The gnoll is moderately wounded.
The gnoll hits you with a whip. The gnoll hits you with a club.
The gnoll hits you from afar with a spear.
* * * LOW HITPOINT WARNING * * *
Unknown command.
You hit the gnoll.
The gnoll is heavily wounded.
The gnoll hits you with a spear.
* * * LOW HITPOINT WARNING * * *
Your jackal zombie bites the gnoll.
The gnoll hits you with a whip.
You die...
Yredelemnul claims you as an undead slave.

.Z.#
..............#....#
...# .#
..............#....#
...#..)#
.............#....#
...#...#
.............'....#
#.##..#
#..[.Z.########
#.##..#
###+###Z######
#.....#
........Z....#
#.....#
.......gZ....#
#.....#
.......@g....#
#.....+
.......g.....#
###...#
#...###..g..##
###...#####+#
#.....# ...........
......+ ...........
......# ...........
....?.# ...........
#......# ...........


You could see 4 gnolls, 2 friendly jackal zombies and a friendly leopard gecko
skeleton.

Vanquished Creatures
  Jessica (D:2)
  Robin (D:2)
  7 adders
  An ooze (D:3)
  A worm (D:2)
  2 leopard geckos
  3 orcs
  6 bats
  2 giant cockroaches (D:1)
  2 gnoll zombies (D:2)
  10 hobgoblins
  4 jackals (D:4)
  3 quokkas
  4 frilled lizards
  13 goblins
  6 kobolds
  6 rats
72 creatures vanquished.

Vanquished Creatures (collateral kills)
  A goblin (D:2)
1 creature vanquished.

Grand Total: 73 creatures vanquished

Notes
Turn   | Place    | Note
-------+----------+-------------------------------------------
     0 | D:1      | Megalobster the Vampire Necromancer began the quest for the Orb.
     0 | D:1      | Reached XP level 1. HP: 13/13 MP: 3/3
   168 | D:1      | Learned a level 1 spell: Animate Skeleton
   562 | D:1      | Reached XP level 2. HP: 19/19 MP: 5/5
  1391 | D:2      | Noticed Robin
  1409 | D:1      | Reached skill level 1 in Short Blades
  1409 | D:1      | Reached XP level 3. HP: 17/24 MP: 6/6
  1909 | D:2      | Killed Robin
  2117 | D:2      | Learned a level 3 spell: Vampiric Draining
  2142 | D:2      | Found an iron altar of Okawaru.
  2184 | D:2      | Noticed Jessica
  2186 | D:2      | Reached XP level 4. HP: 16/30 MP: 7/7
  2191 | D:2      | Killed Jessica
  2516 | D:2      | Reached skill level 5 in Necromancy
  2782 | D:2      | Found a basalt altar of Yredelemnul.
  2790 | D:2      | Became a worshipper of Yredelemnul the Dark
  2919 | D:3      | Reached XP level 5. HP: 33/35 MP: 9/9
  3338 | D:3      | Noticed Lanoc's ghost (weakling MiMo)
  3962 | D:3      | Learned a level 4 spell: Animate Dead
  4326 | D:4      | HP: 1/35 [gnoll/spear (6)]
  4326 | D:4      | Slain by a gnoll

Vault maps used:
D:1:      lemuel_arrival_lava_pool, minmay_stone_trees_small
D:2:      kennysheep_okawaru_gauntlet, lemuel_zombie_altar_yredelemnul,
          glass_columns_b, uniq_jessica, uniq_robin
D:4:      first_ration

Skill      XL: |  1  2  3  4 |
---------------+-------------+-----
Short Blades   | 1 2 |  2.2
Stealth        | 4 |  4.7
Dodging        | 3 |  3.3
Necromancy     | 5 |  5.1
Spellcasting   | |  2.9

Action                   |  1- 3 |  4- 6 || total
-------------------------+-------+-------++-------
Melee: Short sword       |    20 |    56 ||    76
       Unarmed           |     2 |       ||     2
       Dagger            |    86 |    56 ||   142
       Bite              |     7 |    12 ||    19
 Cast: Pain              |    15 |       ||    15
       Animate Skeleton  |     5 |     1 ||     6
       Vampiric Draining |     1 |       ||     1
       Animate Dead      |       |     1 ||     1
  Use: Potion            |     4 |     8 ||    12
 Stab: Sleeping          |     7 |     9 ||    16
       Distracted        |       |     1 ||     1
Armor: Robe              |    16 |     7 ||    23
Dodge: Dodged            |    64 |    71 ||   135

Table legend:
 A = Spawn XP
 B = Non-spawn XP
 C = Spawn XP percentage of total XP
 D = Spawn monster count
 E = Non-spawn monster count
 F = Spawn count percentage of total count
 G = Total turns spent on level
                    A         B        C        D         E        F      G
               +---------+---------+-------+---------+---------+-------+---------
         Total |       0 |     268 |   0.0 |       0 |      73 |   0.0 |  4326
               +---------+---------+-------+---------+---------+-------+---------
           D:1 |       0 |      41 |   0.0 |       0 |      26 |   0.0 |  1671
           D:2 |       0 |     141 |   0.0 |       0 |      30 |   0.0 |  1611
           D:3 |       0 |      61 |   0.0 |       0 |      11 |   0.0 |   681
           D:4 |       0 |      25 |   0.0 |       0 |       6 |   0.0 |   363
               +---------+---------+-------+---------+---------+-------+---------
